 Dungeon Crawl Stone Soup version 0.28-a0-1616-g050a50673c (webtiles) character file.

Game seed: 13634510371088870735

2 innerfire433 the Vexing (level 1, -1/15 HPs)
             Began as a Merfolk Arcane Marksman on Jan 22, 2022.
             Slain by a jackal (2 damage)
             ... on level 1 of the Dungeon.
             The game lasted 00:00:22 (165 turns).

innerfire433 the Vexing (Merfolk Arcane Marksman)    Turns: 165, Time: 00:00:23

Health: -1/15      AC:  2    Str: 10    XL:     1   Next: 40%
Magic:  2/2        EV: 12    Int: 12    God:
Gold:   14         SH:  0    Dex: 14    Spells: 1/2 levels left

rFire   . . .      SeeInvis .   a - +0 shortbow
rCold   . . .      Faith    .   (shield currently unavailable)
rNeg    . . .      Spirit   .   d - +0 robe
rPois   .          Reflect  .   (no helmet)
rElec   .          Harm     .   (no cloak)
rCorr   .          Rampage  .   (no gloves)
Will    .....                   (no boots)
Stlth   +.........              (no amulet)
HPRegen 0.05/turn               (no ring)
MPRegen 0.08/turn               (no ring)

@: no status effects
A: (nimble swimmer 2), mertail
a: no special abilities


You were on level 1 of the Dungeon.
You visited 1 branch of the dungeon, and saw 1 of its levels.

You collected 14 gold pieces.

Inventory:

Hand Weapons
 a - a +0 shortbow (weapon)
Missiles
 c - 6 arrows (quivered ammo)
Armour
 d - a +0 robe (worn)


   Skills:
 + Level 1.2 Fighting
 + Level 1.6 Bows
 + Level 2.7 Dodging
 + Level 1.0 Spellcasting
 + Level 3.0 Hexes


You had one spell level left.
You knew the following spells:

 Your Spells              Type           Power      Damage    Failure   Level
a - Slow                  Hex            28%        N/A       9%          1

Your spell library contained the following spells:

 Spells                   Type           Power      Damage    Failure   Level
 Inner Flame              Hex/Fire       4%         N/A       43%         3
 Portal Projectile        Hex/Tloc       8%         N/A       43%         3
 Cause Fear               Hex            3%         N/A       65%         4


Dungeon Overview and Level Annotations

Branches:
Dungeon (1/15)

Altars:


Innate Abilities, Weirdness & Mutations

((You are very nimble when in or above water. (Stealth+, EV+, Speed+++)))
Your lower body shifts to a powerful aquatic tail in water.


Message History

The jackal misses you. The jackal closely misses you.
You clumsily bash the jackal but do no damage.
The jackal is almost dead.
The jackal closely misses you. The jackal bites you.
You closely miss the jackal.
The jackal is almost dead.
The jackal barely misses you. The jackal closely misses you.
You clumsily bash the jackal but do no damage.
The jackal is almost dead.
The jackal barely misses you. x2
You miss the jackal.
The jackal is almost dead.
The jackal bites you.
The jackal bites you but does no damage.
You closely miss the jackal.
The jackal is almost dead.
The jackal misses you. The jackal bites you.
* * * LOW HITPOINT WARNING * * *
The jackal barely misses you.
You clumsily bash the jackal but do no damage.
The jackal is almost dead.
The jackal barely misses you. The jackal misses you.
You clumsily bash the jackal but do no damage.
The jackal is almost dead.
The jackal misses you.
The jackal bites you but does no damage.
Unknown command.
You clumsily bash the jackal but do no damage.
The jackal is almost dead.
The jackal misses you. The jackal bites you.
* * * LOW HITPOINT WARNING * * *
You clumsily bash the jackal but do no damage.
The jackal is almost dead.
The jackal bites you.
* * * LOW HITPOINT WARNING * * *
The jackal closely misses you.
You clumsily bash the jackal but do no damage.
The jackal is almost dead.
The jackal closely misses you. The jackal bites you.
You die...

## .# #+# .. #..
#.# #. ##.. ##'##
.##... ####...###
....# .'.'.<.'.+
#..# ####...###
#####h.#
...##'#####
#.hrhh(#
....#.#...#
#@####.#
##..#+#...######.#
.(# .#..#
#...##.....# ...#
....#+#......#####
.....
##........####
...... #........#
....... #........#
!..#... #........#
##########


You could see a quokka and 4 jackals.

Vanquished Creatures
  An endoplasm (D:1)
  A hobgoblin (D:1)
2 creatures vanquished.

Notes
Turn   | Place    | Note
-------+----------+-------------------------------------------
     0 | D:1      | innerfire433 the Merfolk Arcane Marksman began the quest
                  | for the Orb.
     0 | D:1      | Reached XP level 1. HP: 15/15 MP: 2/2
   165 | D:1      | Slain by a jackal

Illustrated notes

Levels and vault maps discovered:
D:1:      minmay_arrival_doors, layout_rooms, kennysheep_boxes

Action                   || total
-------------------------++-------
Melee: Shortbow          ||    12
 Fire: Shortbow          ||    20
  Use: Potion            ||     1
Armor: Robe              ||     7
Dodge: Dodged            ||    36

Table legend: (Time is in decaauts)
 A = Elapsed time spent in this place.
 B = Non-inter-level travel time spent in this place.
 C = Inter-level travel time spent in this place.
 D = Time resting spent in this place.
 E = Time spent auto-exploring this place.
 F = Levels seen in this place.
 G = Mean time per level.
                   A        B        C        D        E       F      G
               +--------+--------+--------+--------+--------+-----+--------+
         Total |    174 |    174 |      0 |      0 |    123 |   1 |  174.0 |
       Dungeon |    174 |    174 |      0 |      0 |    123 |   1 |  174.0 |
               +--------+--------+--------+--------+--------+-----+--------+

Top non-repeatable levels by time:
     D:1: 174 daAuts
